Workbook
Name CO22008_2009: #REF!
Name TILLPUBLDETALJ: #REF!
Name TILLPUBLICERING_20180322: #REF!

Sheet Innehåll-Content
B2: Växthusgasutsläpp från konsumtion och intensiteter 2008 - 2024
B3: Greenhouse gas emissions from consumption and intensities, 2008 - 2024
B5: Kalkylblad
B6: Work sheet
B8: 1 | C8: ='1'!B1 -> BNP från användningssidan, försörjningsbalans, aggregerad, fasta priser, referensår 2020. Miljoner SEK.
B9: 1 | C9: ='1'!B2 -> GDP: expenditure approach, aggregated, constant prices, reference year 2020. SEK million.
B11: 2 | C11: Växthusgasutsläpp från konsumtion, kiloton koldioxid ekvivalenter (kton CO2-ekv.)
B12: 2 | C12: Greenhouse gas emissions from consumption, kiloton carbon dioxide equivalents (kton CO2-equ.)
B14: 3 | C14: Växthusgasutsläpp från konsumtion per capita, ton koldioxid ekvivalenter (ton CO2-ekv.)
B15: 3 | C15: Greenhouse gas emissions from consumption per capita, tonne carbon dioxide equivalents (ton CO2-equ.)
B17: 4 | C17: Växthusgas utsläppsintensitet från konsumtion. kg koldioxid ekvivalenter (kg CO2-ekv.) per SEK
B18: 4 | C18: Greenhouse gas emission intensity from consumption. Kg carbon dioxide equivalent (kg CO2-equ.) per SEK.
B20: 5 | C20: Index: BNP, växthusgasutsläpp från konsumtion, växthusgas utsläppsintensitet från konsumtion
B21: 5 | C21: Index: GDP, greenhouse gas emissions from consumption, greenhouse gas emissions intensity from consumption

Sheet 1
B1: BNP från användningssidan, försörjningsbalans, aggregerad, fasta priser, referensår 2020. Miljoner SEK.
B2: GDP: expenditure approach, aggregated, constant prices, reference year 2020. SEK million.
C4: Tillförsel | F4: Användning
C5: Supply | F5: Use
B6: År | C6: BNP | D6: Import av varor och tjänster | F6: Hushållens konsumtion inkl. HIO* | G6: Offentlig konsumtion | H6: Fasts brutto-investeringar | I6: Lagerinvesteringar | J6: Export | L6: slutlig inhemsk användning (exkl. export) | M6: Slutlig användning (inkl. export) | O6: Medelfolk-mängd 1000 personer
B7: Year | C7: GDP | D7: Imports of goods and services | F7: Household consumption incl. NPISH** | G7: General government consumption | H7: Gross fixed capital formation | I7: Changes in inventory | J7: Export | L7: Final domestic expenditure (excl. export) | M7: Final expenditure (incl. export) | O7: Average population, 1000 people
B8: 2008 | C8: 4187551 | D8: 1560185 | F8: 1825395 | G8: 1163225 | H8: 995278 | I8: .. | J8: 1769478 | L8: 3975940 | M8: 5750697 | O8: 9219.637
B9: 2009 | C9: 4009345 | D9: 1341441 | F9: 1844781 | G9: 1191408 | H9: 872526 | I9: .. | J9: 1516744 | L9: 3833521 | M9: 5334945 | O9: 9298.5145
B10: 2010 | C10: 4239913 | D10: 1504780 | F10: 1918109 | G10: 1207962 | H10: 924965 | I10: .. | J10: 1684353 | L10: 4060857 | M10: 5737035 | O10: 9378.126
B11: 2011 | C11: 4374059 | D11: 1605746 | F11: 1953652 | G11: 1217243 | H11: 977269 | I11: .. | J11: 1798488 | L11: 4181024 | M11: 5976892 | O11: 9449.2125
B12: 2012 | C12: 4355933 | D12: 1614595 | F12: 1975726 | G12: 1229550 | H12: 967756 | I12: .. | J12: 1811223 | L12: 4158703 | M12: 5968896 | O12: 9519.374
B13: 2013 | C13: 4405489 | D13: 1628724 | F13: 2011844 | G13: 1251970 | H13: 967428 | I13: .. | J13: 1808926 | L13: 4226048 | M13: 6032286 | O13: 9600.3785
B14: 2014 | C14: 4506629 | D14: 1734635 | F14: 2070059 | G14: 1266134 | H14: 1021406 | I14: .. | J14: 1879811 | L14: 4364514 | M14: 6241851 | O14: 9696.1095
B15: 2015 | C15: 4704391 | D15: 1835102 | F15: 2156622 | G15: 1294022 | H15: 1092062 | I15: .. | J15: 1975501 | L15: 4567813 | M15: 6540952 | O15: 9799.186
B16: 2016 | C16: 4804650 | D16: 1938422 | F16: 2203179 | G16: 1342035 | H16: 1145998 | I16: .. | J16: 2035980 | L16: 4712805 | M16: 6746280 | O16: 9923.085
B17: 2017 | C17: 4895113 | D17: 2023565 | F17: 2258329 | G17: 1344868 | H17: 1192992 | I17: .. | J17: 2103104 | L17: 4821320 | M17: 6922116 | O17: 10057.698
B18: 2018 | C18: 4981769 | D18: 2108189 | F18: 2300946 | G18: 1354709 | H18: 1208217 | I18: .. | J18: 2194836 | L18: 4900703 | M18: 7094157 | O18: 10175.213
B19: 2019 | C19: 5111705 | D19: 2150020 | F19: 2319025 | G19: 1354772 | H19: 1209263 | I19: .. | J19: 2347481 | L19: 4915402 | M19: 7265563 | O19: 10278.887
... B24: 2024 | C24: 5436222 | D24: 2526910 | F24: 2436608 | G24: 1417437 | H24: 1309911 | I24: .. | J24: 2773082 | L24: 5178283 | M24: 7962094 | O24: 10569.709
B25: Balansen mellan tillförsel och användning stämmer inte exakt endast då detta är en tidsserie i fasta priser.
B26: Supply and use do not balance exactly due to the fact that these are time series in constant prices.
B28: *HIO - hushållens icke-vinstdrivande organisationer
B29: ** NPISH - Non-profit institutions serving households
B94: Senaste uppdatering: | F94: Latest update:
B95: 46262 | F95: 46262
B97: Källa: | F97: Source:
B98: Nationalräkenskaper, Statistiska centralbyrån (SCB) | F98: National Accounts, Statistics Sweden
B100: Kontaktperson: | F100: Contact:
B101: NR Info, Statistiska centralbyrån (SCB) | F101: NR Info, Statistiska centralbyrån (SCB)
B102: Telefon: +46 010-479 50 00 | F102: Phone: +46 010-479 50 00
B103: e-post: nrinfo@scb.se | F103: e-mail: nrinfo@scb.se
B105: Statistikservice, Statistiska centralbyrån (SCB) | F105: Statistikservice, Statistiska centralbyrån (SCB)
B106: Telefon: +46 010-479 50 00 | F106: Phone: +46 010-479 50 00
B107: e-post: information@scb.se | F107: e-mail: information@scb.se

Sheet 2
B1: Växthusgasutsläpp från konsumtion, kiloton koldioxidekvivalenter (kton CO2-ekv.)
B2: Greenhouse gas emissions from consumption, kiloton carbon dioxide equivalents (kton CO2-eq.)
C4: Tillförsel | F4: Användning
C5: Supply | F5: Use
B6: År | C6: Inhemsk produktion(a) | D6: Import av varor och tjänster | F6: Hushållens konsumtion inkl. HIO* | G6: Offentlig konsumtion | H6: Fasta bruttoinvesteringar | I6: Lagerinvesteringar | J6: Export | L6: slutlig inhemsk användning (exkl. export) | M6: Slutlig användning (inkl. export)
B7: Year | C7: Domestic production(a) | D7: Imports of goods and services | F7: Household consumption incl. NPISH** | G7: General government consumption | H7: Gross fixed capital formation | I7: Changes in inventory | J7: Export | L7: Final domestic expenditure (excl. export) | M7: Final expenditure (incl. export)
B8: 2008 | C8: 67410.901 | D8: 136420.29 | F8: 65157.824 | G8: 10400.946 | H8: 29915.316 | I8: 927.75282 | J8: 97429.355 | L8: 106401.84 | M8: 203831.19
B9: 2009 | C9: 61977.614 | D9: 113796.42 | F9: 64578.191 | G9: 10439.794 | H9: 25202.483 | I9: -4155.7309 | J9: 79709.294 | L9: 96064.737 | M9: 175774.03
B10: 2010 | C10: 68110.602 | D10: 131674.81 | F10: 69306.656 | G10: 11171.464 | H10: 27737.194 | I10: 697.23331 | J10: 90872.869 | L10: 108912.55 | M10: 199785.42
B11: 2011 | C11: 62820.484 | D11: 137727.08 | F11: 67037.309 | G11: 10815.051 | H11: 28411.778 | I11: 2604.6944 | J11: 91678.73 | L11: 108868.83 | M11: 200547.56
B12: 2012 | C12: 59284.49 | D12: 127325.34 | F12: 63368.193 | G12: 10266.614 | H12: 27250.713 | I12: -585.99829 | J12: 86310.306 | L12: 100299.52 | M12: 186609.83
B13: 2013 | C13: 57694.274 | D13: 121114.46 | F13: 63226.743 | G13: 10131.284 | H13: 26766.588 | I13: 51.0509 | J13: 78633.064 | L13: 100175.67 | M13: 178808.73
B14: 2014 | C14: 56136.769 | D14: 121874.78 | F14: 60442.572 | G14: 9540.5044 | H14: 26516.657 | I14: 91.815193 | J14: 81419.996 | L14: 96591.549 | M14: 178011.54
B15: 2015 | C15: 56788.342 | D15: 113273.29 | F15: 58130.57 | G15: 9669.3691 | H15: 25758.88 | I15: 1495.2507 | J15: 75007.561 | L15: 95054.07 | M15: 170061.63
B16: 2016 | C16: 57709.868 | D16: 112867.24 | F16: 58677.916 | G16: 9966.3255 | H16: 27007.485 | I16: 1286.9914 | J16: 73638.391 | L16: 96938.718 | M16: 170577.11
B17: 2017 | C17: 56360.96 | D17: 114384.81 | F17: 57856.623 | G17: 9370.4804 | H17: 26898.668 | I17: 1110.8127 | J17: 75509.188 | L17: 95236.583 | M17: 170745.77
B18: 2018 | C18: 55399.668 | D18: 118428 | F18: 57265.324 | G18: 9263.5992 | H18: 27237.876 | I18: 1407.414 | J18: 78653.453 | L18: 95174.213 | M18: 173827.67
B19: 2019 | C19: 54128.298 | D19: 110775.42 | F19: 53800.433 | G19: 8758.4549 | H19: 25263.071 | I19: 1869.8235 | J19: 75211.938 | L19: 89691.783 | M19: 164903.72
... B24: 2024 | C24: 52106.103 | D24: 100331.33 | F24: 48710.922 | G24: 7328.4387 | H24: 22784.504 | I24: 323.84269 | J24: 73289.725 | L24: 79147.708 | M24: 152437.43
B26: (a) Dessa värden kommer från statistik om växthusgasutsläpp med produktionsperspektiv för Sverige
B27: (a) These values are taken from statistics on greenhouse gas emissions from a production perspektive
B29: *HIO - hushållens icke-vinstdrivande organisationer
B30: ** NPISH - Non-profit institutions serving households
C72: *HIO -
C73: ** NPISH -
B102: Senaste uppdatering: | F102: Latest update:
B103: 46310 | F103: 46310
B105: Källa: | F105: Source:
B106: Miljöräkenskaperna, Statistiska centralbyrån (SCB) | F106: Environmental Accounts, Statistics Sweden
B108: Kontaktperson: | F108: Contact:
B109: Nils Brown, Statistiska centralbyrån (SCB) | F109: Nils Brown, Statistics Sweden
B110: Telefon: 010 479 40 26 | F110: Phone: +46 10 479 40 26
B111: e-post: nils.brown@scb.se | F111: e-mail: nils.brown@scb.se
B112: e-post: miljorakenskaper@scb.se | F112: e-mail: miljorakenskaper@scb.se
B114: Johanna Takman, Statistiska centralbyrån (SCB) | F114: Johanna Takman, Statistiska centralbyrån (SCB)
B115: Telefon: 010 479 41 14 | F115: Phone: +46 10 479 41 14
B116: e-post: johanna.takman@scb.se | F116: e-mail: johanna.takman@scb.se
B117: e-post: miljorakenskaper@scb.se | F117: e-mail: miljorakenskaper@scb.se
B119: Andreas Poldahl, Statistiska centralbyrån (SCB) | F119: Andreas Poldahl, Statistiska centralbyrån (SCB)
... B122: e-post: miljorakenskaper@scb.se | F122: e-post: miljorakenskaper@scb.se

Sheet 3
B1: Växthusgasutsläpp från konsumtion per capita, ton koldioxidekvivalenter (ton CO2-ekv.)
B2: Greenhouse gas emissions from consumption per capita, tonne carbon dioxide equivalents (ton CO2-equ.)
C4: Tillförsel | F4: Användning
C5: Supply | F5: Use
B6: År | C6: Inhemsk produktion (a) | D6: Import av varor och tjänster | F6: Hushållens konsumtion inkl. HIO* | G6: Offentlig konsumtion | H6: Fasta bruttoinvesteringar | I6: Lagerinvesteringar | J6: Export | L6: slutlig inhemsk användning (exkl. export) | M6: Slutlig användning (inkl. export)
B7: Year | C7: Domestic production (a) | D7: Imports of goods and services | F7: Household consumption incl. NPISH** | G7: General government consumption | H7: Gross fixed capital formation | I7: Changes in inventory | J7: Export | L7: Final domestic expenditure (excl. export) | M7: Final expenditure (incl. export)
B8: 2008 | C8: =1000*'2'!C8/('1'!$O8*1000) -> 7.3116654 | D8: =1000*'2'!D8/('1'!$O8*1000) -> 14.79671 | F8: =1000*'2'!F8/('1'!$O8*1000) -> 7.0672874 | G8: =1000*'2'!G8/('1'!$O8*1000) -> 1.1281297 | H8: =1000*'2'!H8/('1'!$O8*1000) -> 3.244739 | I8: =1000*'2'!I8/('1'!$O8*1000) -> 0.10062791 | J8: =1000*'2'!J8/('1'!$O8*1000) -> 10.567591 | L8: =1000*'2'!L8/('1'!$O8*1000) -> 11.540784 | M8: =1000*'2'!M8/('1'!$O8*1000) -> 22.108375
B9: 2009 | C9: =1000*'2'!C9/('1'!$O9*1000) -> 6.6653242 | D9: =1000*'2'!D9/('1'!$O9*1000) -> 12.238129 | F9: =1000*'2'!F9/('1'!$O9*1000) -> 6.9450008 | G9: =1000*'2'!G9/('1'!$O9*1000) -> 1.1227378 | H9: =1000*'2'!H9/('1'!$O9*1000) -> 2.7103773 | I9: =1000*'2'!I9/('1'!$O9*1000) -> -0.44692417 | J9: =1000*'2'!J9/('1'!$O9*1000) -> 8.5722611 | L9: =1000*'2'!L9/('1'!$O9*1000) -> 10.331192 | M9: =1000*'2'!M9/('1'!$O9*1000) -> 18.903453
B10: 2010 | C10: =1000*'2'!C10/('1'!$O10*1000) -> 7.2627092 | D10: =1000*'2'!D10/('1'!$O10*1000) -> 14.040632 | F10: =1000*'2'!F10/('1'!$O10*1000) -> 7.3902458 | G10: =1000*'2'!G10/('1'!$O10*1000) -> 1.1912257 | H10: =1000*'2'!H10/('1'!$O10*1000) -> 2.9576478 | I10: =1000*'2'!I10/('1'!$O10*1000) -> 0.074346763 | J10: =1000*'2'!J10/('1'!$O10*1000) -> 9.6898751 | L10: =1000*'2'!L10/('1'!$O10*1000) -> 11.613466 | M10: =1000*'2'!M10/('1'!$O10*1000) -> 21.303341
B11: 2011 | C11: =1000*'2'!C11/('1'!$O11*1000) -> 6.6482243 | D11: =1000*'2'!D11/('1'!$O11*1000) -> 14.575509 | F11: =1000*'2'!F11/('1'!$O11*1000) -> 7.0944864 | G11: =1000*'2'!G11/('1'!$O11*1000) -> 1.1445452 | H11: =1000*'2'!H11/('1'!$O11*1000) -> 3.0067879 | I11: =1000*'2'!I11/('1'!$O11*1000) -> 0.275652 | J11: =1000*'2'!J11/('1'!$O11*1000) -> 9.7022614 | L11: =1000*'2'!L11/('1'!$O11*1000) -> 11.521471 | M11: =1000*'2'!M11/('1'!$O11*1000) -> 21.223733
B12: 2012 | C12: =1000*'2'!C12/('1'!$O12*1000) -> 6.227772 | D12: =1000*'2'!D12/('1'!$O12*1000) -> 13.37539 | F12: =1000*'2'!F12/('1'!$O12*1000) -> 6.6567606 | G12: =1000*'2'!G12/('1'!$O12*1000) -> 1.0784968 | H12: =1000*'2'!H12/('1'!$O12*1000) -> 2.8626581 | I12: =1000*'2'!I12/('1'!$O12*1000) -> -0.06155849 | J12: =1000*'2'!J12/('1'!$O12*1000) -> 9.0668049 | L12: =1000*'2'!L12/('1'!$O12*1000) -> 10.536357 | M12: =1000*'2'!M12/('1'!$O12*1000) -> 19.603162
B13: 2013 | C13: =1000*'2'!C13/('1'!$O13*1000) -> 6.0095833 | D13: =1000*'2'!D13/('1'!$O13*1000) -> 12.615592 | F13: =1000*'2'!F13/('1'!$O13*1000) -> 6.5858594 | G13: =1000*'2'!G13/('1'!$O13*1000) -> 1.0553005 | H13: =1000*'2'!H13/('1'!$O13*1000) -> 2.7880763 | I13: =1000*'2'!I13/('1'!$O13*1000) -> 0.0053175924 | J13: =1000*'2'!J13/('1'!$O13*1000) -> 8.1906212 | L13: =1000*'2'!L13/('1'!$O13*1000) -> 10.434554 | M13: =1000*'2'!M13/('1'!$O13*1000) -> 18.625175
B14: 2014 | C14: =1000*'2'!C14/('1'!$O14*1000) -> 5.7896179 | D14: =1000*'2'!D14/('1'!$O14*1000) -> 12.569451 | F14: =1000*'2'!F14/('1'!$O14*1000) -> 6.2336932 | G14: =1000*'2'!G14/('1'!$O14*1000) -> 0.98395181 | H14: =1000*'2'!H14/('1'!$O14*1000) -> 2.7347728 | I14: =1000*'2'!I14/('1'!$O14*1000) -> 0.0094692818 | J14: =1000*'2'!J14/('1'!$O14*1000) -> 8.397182 | L14: =1000*'2'!L14/('1'!$O14*1000) -> 9.9618871 | M14: =1000*'2'!M14/('1'!$O14*1000) -> 18.359069
B15: 2015 | C15: =1000*'2'!C15/('1'!$O15*1000) -> 5.7952101 | D15: =1000*'2'!D15/('1'!$O15*1000) -> 11.559459 | F15: =1000*'2'!F15/('1'!$O15*1000) -> 5.9321836 | G15: =1000*'2'!G15/('1'!$O15*1000) -> 0.98675228 | H15: =1000*'2'!H15/('1'!$O15*1000) -> 2.6286755 | I15: =1000*'2'!I15/('1'!$O15*1000) -> 0.15258928 | J15: =1000*'2'!J15/('1'!$O15*1000) -> 7.6544686 | L15: =1000*'2'!L15/('1'!$O15*1000) -> 9.7002006 | M15: =1000*'2'!M15/('1'!$O15*1000) -> 17.354669
B16: 2016 | C16: =1000*'2'!C16/('1'!$O16*1000) -> 5.8157184 | D16: =1000*'2'!D16/('1'!$O16*1000) -> 11.374209 | F16: =1000*'2'!F16/('1'!$O16*1000) -> 5.9132735 | G16: =1000*'2'!G16/('1'!$O16*1000) -> 1.0043576 | H16: =1000*'2'!H16/('1'!$O16*1000) -> 2.7216823 | I16: =1000*'2'!I16/('1'!$O16*1000) -> 0.1296967 | J16: =1000*'2'!J16/('1'!$O16*1000) -> 7.4209171 | L16: =1000*'2'!L16/('1'!$O16*1000) -> 9.7690101 | M16: =1000*'2'!M16/('1'!$O16*1000) -> 17.189927
B17: 2017 | C17: =1000*'2'!C17/('1'!$O17*1000) -> 5.6037637 | D17: =1000*'2'!D17/('1'!$O17*1000) -> 11.372863 | F17: =1000*'2'!F17/('1'!$O17*1000) -> 5.7524719 | G17: =1000*'2'!G17/('1'!$O17*1000) -> 0.93167252 | H17: =1000*'2'!H17/('1'!$O17*1000) -> 2.6744359 | I17: =1000*'2'!I17/('1'!$O17*1000) -> 0.11044404 | J17: =1000*'2'!J17/('1'!$O17*1000) -> 7.5076018 | L17: =1000*'2'!L17/('1'!$O17*1000) -> 9.4690244 | M17: =1000*'2'!M17/('1'!$O17*1000) -> 16.976626
B18: 2018 | C18: =1000*'2'!C18/('1'!$O18*1000) -> 5.4445706 | D18: =1000*'2'!D18/('1'!$O18*1000) -> 11.638871 | F18: =1000*'2'!F18/('1'!$O18*1000) -> 5.6279236 | G18: =1000*'2'!G18/('1'!$O18*1000) -> 0.91040834 | H18: =1000*'2'!H18/('1'!$O18*1000) -> 2.6768849 | I18: =1000*'2'!I18/('1'!$O18*1000) -> 0.13831789 | J18: =1000*'2'!J18/('1'!$O18*1000) -> 7.7299069 | L18: =1000*'2'!L18/('1'!$O18*1000) -> 9.3535347 | M18: =1000*'2'!M18/('1'!$O18*1000) -> 17.083442
B19: 2019 | C19: =1000*'2'!C19/('1'!$O19*1000) -> 5.2659688 | D19: =1000*'2'!D19/('1'!$O19*1000) -> 10.776986 | F19: =1000*'2'!F19/('1'!$O19*1000) -> 5.2340719 | G19: =1000*'2'!G19/('1'!$O19*1000) -> 0.85208203 | H19: =1000*'2'!H19/('1'!$O19*1000) -> 2.4577633 | I19: =1000*'2'!I19/('1'!$O19*1000) -> 0.18190914 | J19: =1000*'2'!J19/('1'!$O19*1000) -> 7.3171286 | L19: =1000*'2'!L19/('1'!$O19*1000) -> 8.7258263 | M19: =1000*'2'!M19/('1'!$O19*1000) -> 16.042955
... B24: 2024 | C24: =1000*'2'!C24/('1'!$O24*1000) -> 4.9297578 | D24: =1000*'2'!D24/('1'!$O24*1000) -> 9.4923459 | F24: =1000*'2'!F24/('1'!$O24*1000) -> 4.6085398 | G24: =1000*'2'!G24/('1'!$O24*1000) -> 0.6933435 | H24: =1000*'2'!H24/('1'!$O24*1000) -> 2.1556416 | I24: =1000*'2'!I24/('1'!$O24*1000) -> 0.030638753 | J24: =1000*'2'!J24/('1'!$O24*1000) -> 6.93394 | L24: =1000*'2'!L24/('1'!$O24*1000) -> 7.4881637 | M24: =1000*'2'!M24/('1'!$O24*1000) -> 14.422104
B26: (a) Dessa värden använder statistik om växthusgasutsläpp med produktionsperspektiv för Sverige
B27: (a) These values use statistics on greenhouse gas emissions from a production perspektive
B29: *HIO - hushållens icke-vinstdrivande organisationer
B30: ** NPISH - Non-profit institutions serving households
B84: Senaste uppdatering: | F84: Latest update:
B85: 46310 | F85: 46310
B87: Källa: | F87: Source:
B88: Miljöräkenskaperna, Statistiska centralbyrån (SCB) | F88: Environmental Accounts, Statistics Sweden
B90: Kontaktperson: | F90: Contact:
B91: Nils Brown, Statistiska centralbyrån (SCB) | F91: Nils Brown, Statistics Sweden
B92: Telefon: 010 479 40 26 | F92: Phone: +46 10 479 40 26
B93: e-post: nils.brown@scb.se | F93: e-mail: nils.brown@scb.se
B94: e-post: miljorakenskaper@scb.se | F94: e-mail: miljorakenskaper@scb.se
B96: Johanna Takman, Statistiska centralbyrån (SCB) | F96: Johanna Takman, Statistiska centralbyrån (SCB)
B97: Telefon: 010 479 41 14 | F97: Phone: +46 10 479 41 14
B98: e-post: johanna.takman@scb.se | F98: e-mail: johanna.takman@scb.se
B99: e-post: miljorakenskaper@scb.se | F99: e-mail: miljorakenskaper@scb.se
B101: Andreas Poldahl, Statistiska centralbyrån (SCB) | F101: Andreas Poldahl, Statistiska centralbyrån (SCB)
... B104: e-post: miljorakenskaper@scb.se | F104: e-post: miljorakenskaper@scb.se

Sheet 4
B1: Växthusgasutsläppsintensitet från konsumtion. Kg koldioxid ekvivalenter (kg CO2-ekv.) per SEK
B2: Greenhouse gas emission intensity from consumption. Kg carbon dioxide equivalent (kg CO2-equ.) per SEK.
C4: Tillförsel | F4: Användning
C5: Supply | F5: Use
B6: År | C6: Inhemsk produktion (a) | D6: Import av varor och tjänster | F6: Hushållens konsumtion inkl. HIO* | G6: Offentlig konsumtion | H6: Fasta bruttoinvesteringar | I6: Lagerinvesteringar | J6: Export | L6: Slutlig inhemsk användning (exkl. export) | M6: Slutlig användning (inkl. export)
B7: Year | C7: Domestic production (a) | D7: Imports of goods and services | F7: Household consumption incl. NPISH** | G7: General government consumption | H7: Gross fixed capital formation | I7: Changes in inventory | J7: Export | L7: Final domestic expenditure (excl. export) | M7: Final expenditure (incl. export)
B8: 2008 | C8: ='2'!C8*1000000/('1'!C8*1000000) -> 0.016097929 | D8: ='2'!D8*1000000/('1'!D8*1000000) -> 0.087438537 | F8: ='2'!F8*1000000/('1'!F8*1000000) -> 0.035695191 | G8: ='2'!G8*1000000/('1'!G8*1000000) -> 0.0089414739 | H8: ='2'!H8*1000000/('1'!H8*1000000) -> 0.030057246 | I8: .. | J8: ='2'!J8*1000000/('1'!J8*1000000) -> 0.055061072 | L8: ='2'!L8*1000000/('1'!L8*1000000) -> 0.02676143 | M8: ='2'!M8*1000000/('1'!M8*1000000) -> 0.035444607
B9: 2009 | C9: ='2'!C9*1000000/('1'!C9*1000000) -> 0.015458289 | D9: ='2'!D9*1000000/('1'!D9*1000000) -> 0.084831474 | F9: ='2'!F9*1000000/('1'!F9*1000000) -> 0.035005885 | G9: ='2'!G9*1000000/('1'!G9*1000000) -> 0.0087625683 | H9: ='2'!H9*1000000/('1'!H9*1000000) -> 0.028884506 | I9: .. | J9: ='2'!J9*1000000/('1'!J9*1000000) -> 0.052552899 | L9: ='2'!L9*1000000/('1'!L9*1000000) -> 0.025059139 | M9: ='2'!M9*1000000/('1'!M9*1000000) -> 0.032947674
B10: 2010 | C10: ='2'!C10*1000000/('1'!C10*1000000) -> 0.016064151 | D10: ='2'!D10*1000000/('1'!D10*1000000) -> 0.087504363 | F10: ='2'!F10*1000000/('1'!F10*1000000) -> 0.036132804 | G10: ='2'!G10*1000000/('1'!G10*1000000) -> 0.0092481919 | H10: ='2'!H10*1000000/('1'!H10*1000000) -> 0.02998729 | I10: .. | J10: ='2'!J10*1000000/('1'!J10*1000000) -> 0.053951202 | L10: ='2'!L10*1000000/('1'!L10*1000000) -> 0.026820089 | M10: ='2'!M10*1000000/('1'!M10*1000000) -> 0.03482381
B11: 2011 | C11: ='2'!C11*1000000/('1'!C11*1000000) -> 0.014362057 | D11: ='2'!D11*1000000/('1'!D11*1000000) -> 0.085771398 | F11: ='2'!F11*1000000/('1'!F11*1000000) -> 0.034313844 | G11: ='2'!G11*1000000/('1'!G11*1000000) -> 0.0088848742 | H11: ='2'!H11*1000000/('1'!H11*1000000) -> 0.029072628 | I11: .. | J11: ='2'!J11*1000000/('1'!J11*1000000) -> 0.050975447 | L11: ='2'!L11*1000000/('1'!L11*1000000) -> 0.026038796 | M11: ='2'!M11*1000000/('1'!M11*1000000) -> 0.033553821
B12: 2012 | C12: ='2'!C12*1000000/('1'!C12*1000000) -> 0.013610056 | D12: ='2'!D12*1000000/('1'!D12*1000000) -> 0.078858994 | F12: ='2'!F12*1000000/('1'!F12*1000000) -> 0.032073371 | G12: ='2'!G12*1000000/('1'!G12*1000000) -> 0.0083498955 | H12: ='2'!H12*1000000/('1'!H12*1000000) -> 0.028158661 | I12: .. | J12: ='2'!J12*1000000/('1'!J12*1000000) -> 0.047653053 | L12: ='2'!L12*1000000/('1'!L12*1000000) -> 0.024117981 | M12: ='2'!M12*1000000/('1'!M12*1000000) -> 0.031263709
B13: 2013 | C13: ='2'!C13*1000000/('1'!C13*1000000) -> 0.013095998 | D13: ='2'!D13*1000000/('1'!D13*1000000) -> 0.074361559 | F13: ='2'!F13*1000000/('1'!F13*1000000) -> 0.031427259 | G13: ='2'!G13*1000000/('1'!G13*1000000) -> 0.008092274 | H13: ='2'!H13*1000000/('1'!H13*1000000) -> 0.027667783 | I13: .. | J13: ='2'!J13*1000000/('1'!J13*1000000) -> 0.043469475 | L13: ='2'!L13*1000000/('1'!L13*1000000) -> 0.023704337 | M13: ='2'!M13*1000000/('1'!M13*1000000) -> 0.029641952
B14: 2014 | C14: ='2'!C14*1000000/('1'!C14*1000000) -> 0.012456488 | D14: ='2'!D14*1000000/('1'!D14*1000000) -> 0.070259608 | F14: ='2'!F14*1000000/('1'!F14*1000000) -> 0.029198478 | G14: ='2'!G14*1000000/('1'!G14*1000000) -> 0.0075351459 | H14: ='2'!H14*1000000/('1'!H14*1000000) -> 0.025960937 | I14: .. | J14: ='2'!J14*1000000/('1'!J14*1000000) -> 0.043312863 | L14: ='2'!L14*1000000/('1'!L14*1000000) -> 0.022131112 | M14: ='2'!M14*1000000/('1'!M14*1000000) -> 0.028519031
B15: 2015 | C15: ='2'!C15*1000000/('1'!C15*1000000) -> 0.012071348 | D15: ='2'!D15*1000000/('1'!D15*1000000) -> 0.061725882 | F15: ='2'!F15*1000000/('1'!F15*1000000) -> 0.026954455 | G15: ='2'!G15*1000000/('1'!G15*1000000) -> 0.0074723375 | H15: ='2'!H15*1000000/('1'!H15*1000000) -> 0.023587379 | I15: .. | J15: ='2'!J15*1000000/('1'!J15*1000000) -> 0.03796888 | L15: ='2'!L15*1000000/('1'!L15*1000000) -> 0.020809536 | M15: ='2'!M15*1000000/('1'!M15*1000000) -> 0.025999523
B16: 2016 | C16: ='2'!C16*1000000/('1'!C16*1000000) -> 0.012011253 | D16: ='2'!D16*1000000/('1'!D16*1000000) -> 0.058226352 | F16: ='2'!F16*1000000/('1'!F16*1000000) -> 0.026633295 | G16: ='2'!G16*1000000/('1'!G16*1000000) -> 0.0074262784 | H16: ='2'!H16*1000000/('1'!H16*1000000) -> 0.023566782 | I16: .. | J16: ='2'!J16*1000000/('1'!J16*1000000) -> 0.036168524 | L16: ='2'!L16*1000000/('1'!L16*1000000) -> 0.020569219 | M16: ='2'!M16*1000000/('1'!M16*1000000) -> 0.025284617
B17: 2017 | C17: ='2'!C17*1000000/('1'!C17*1000000) -> 0.01151372 | D17: ='2'!D17*1000000/('1'!D17*1000000) -> 0.056526384 | F17: ='2'!F17*1000000/('1'!F17*1000000) -> 0.025619218 | G17: ='2'!G17*1000000/('1'!G17*1000000) -> 0.0069675838 | H17: ='2'!H17*1000000/('1'!H17*1000000) -> 0.022547232 | I17: .. | J17: ='2'!J17*1000000/('1'!J17*1000000) -> 0.035903687 | L17: ='2'!L17*1000000/('1'!L17*1000000) -> 0.019753218 | M17: ='2'!M17*1000000/('1'!M17*1000000) -> 0.024666702
B18: 2018 | C18: ='2'!C18*1000000/('1'!C18*1000000) -> 0.011120481 | D18: ='2'!D18*1000000/('1'!D18*1000000) -> 0.056175228 | F18: ='2'!F18*1000000/('1'!F18*1000000) -> 0.02488773 | G18: ='2'!G18*1000000/('1'!G18*1000000) -> 0.0068380731 | H18: ='2'!H18*1000000/('1'!H18*1000000) -> 0.022543861 | I18: .. | J18: ='2'!J18*1000000/('1'!J18*1000000) -> 0.035835686 | L18: ='2'!L18*1000000/('1'!L18*1000000) -> 0.019420523 | M18: ='2'!M18*1000000/('1'!M18*1000000) -> 0.024502935
B19: 2019 | C19: ='2'!C19*1000000/('1'!C19*1000000) -> 0.010589089 | D19: ='2'!D19*1000000/('1'!D19*1000000) -> 0.051522973 | F19: ='2'!F19*1000000/('1'!F19*1000000) -> 0.023199592 | G19: ='2'!G19*1000000/('1'!G19*1000000) -> 0.0064648921 | H19: ='2'!H19*1000000/('1'!H19*1000000) -> 0.020891296 | I19: .. | J19: ='2'!J19*1000000/('1'!J19*1000000) -> 0.032039424 | L19: ='2'!L19*1000000/('1'!L19*1000000) -> 0.01824709 | M19: ='2'!M19*1000000/('1'!M19*1000000) -> 0.02269662
... B24: 2024 | C24: ='2'!C24*1000000/('1'!C24*1000000) -> 0.0095849844 | D24: ='2'!D24*1000000/('1'!D24*1000000) -> 0.039705146 | F24: ='2'!F24*1000000/('1'!F24*1000000) -> 0.019991284 | G24: ='2'!G24*1000000/('1'!G24*1000000) -> 0.0051702042 | H24: ='2'!H24*1000000/('1'!H24*1000000) -> 0.017393933 | I24: .. | J24: ='2'!J24*1000000/('1'!J24*1000000) -> 0.026428979 | L24: ='2'!L24*1000000/('1'!L24*1000000) -> 0.015284547 | M24: ='2'!M24*1000000/('1'!M24*1000000) -> 0.019145395
B26: (a) Dessa värden använder statistik om växthusgasutsläpp med produktionsperspektiv för Sverige
B27: (a) These values use statistics on greenhouse gas emissions from a production perspektive
B29: *HIO - hushållens icke-vinstdrivande organisationer
B30: ** NPISH - Non-profit institutions serving households
B88: Senaste uppdatering: | F88: Latest update:
B89: 46310 | F89: 46310
B91: Källa: | F91: Source:
B92: Miljöräkenskaperna, Statistiska centralbyrån (SCB) | F92: Environmental Accounts, Statistics Sweden
B94: Kontaktperson: | F94: Contact:
B95: Nils Brown, Statistiska centralbyrån (SCB) | F95: Nils Brown, Statistics Sweden
B96: Telefon: 010 479 40 26 | F96: Phone: +46 10 479 40 26
B97: e-post: nils.brown@scb.se | F97: e-mail: nils.brown@scb.se
B98: e-post: miljorakenskaper@scb.se | F98: e-mail: miljorakenskaper@scb.se
B100: Johanna Takman, Statistiska centralbyrån (SCB) | F100: Johanna Takman, Statistiska centralbyrån (SCB)
B101: Telefon: 010 479 41 14 | F101: Phone: +46 10 479 41 14
B102: e-post: johanna.takman@scb.se | F102: e-mail: johanna.takman@scb.se
B103: e-post: miljorakenskaper@scb.se | F103: e-mail: miljorakenskaper@scb.se
B105: Andreas Poldahl, Statistiska centralbyrån (SCB) | F105: Andreas Poldahl, Statistiska centralbyrån (SCB)
... B108: e-post: miljorakenskaper@scb.se | F108: e-post: miljorakenskaper@scb.se

Sheet 5
B2: Index: BNP från användningssidan, försörjningsbalans, aggregerad, fasta priser, referensår 2020. Index, 2008=100 | O2: Index: Växthusgasutsläpp från konsumtion, kiloton koldioxid ekvivalenter (kton CO2-ekv.) | AA2: Index: Växthusgas utsläppsintensitet från konsumtion. Kg koldioxid ekvivalenter (kg CO2-ekv.) per SEK
B3: Index: GDP: expenditure approach, aggregated, constant prices, reference year 2020. Index, 2008=100 | O3: Index: Greenhouse gas emissions from consumption, kiloton carbon dioxide equivalents (kton CO2-equ.) | AA3: Index: Greenhouse gas emission intensity from consumption. Kg carbon dioxide equivalent (kg CO2-equ.) per SEK.
C5: Tillförsel | F5: Användning | O5: Tillförsel | R5: Användning | AA5: Tillförsel | AD5: Användning
C6: Supply | F6: Use | O6: Supply | R6: Use | AA6: Supply | AD6: Use
B7: År | C7: BNP | D7: Import av varor och tjänster | F7: Hushållens konsumtion inkl. HIO* | G7: Offentlig konsumtion | H7: Fasta bruttoinvesteringar | I7: Lagerinvesteringar | J7: Export | L7: slutlig inhemsk användning (exkl. export) | M7: Slutlig användning (inkl. export) | O7: Inhemsk produktion och direkta utsläpp | P7: Import av varor och tjänster | R7: Hushållens konsumtion inkl. HIO* | S7: Offentlig konsumtion | T7: Fasta bruttoinvesteringar | U7: Lagerinvesteringar | V7: Export | X7: slutlig inhemsk användning (exkl. export) | Y7: Slutlig användning (inkl. export) | AA7: Inhemsk produktion och direkta utsläpp | AB7: Import av varor och tjänster | AD7: Hushållens konsumtion inkl. HIO* | AE7: Offentlig konsumtion | AF7: Fasta bruttoinvesteringar | AG7: Lagerinvesteringar | AH7: Export | AJ7: slutlig inhemsk användning (exkl. export) | AK7: Slutlig användning (inkl. export)
B8: Year | C8: GDP | D8: Imports of goods and services | F8: Household consumption incl. NPISH** | G8: General government consumption | H8: Gross fixed capital formation | I8: Changes in inventory | J8: Export | L8: Final domestic expenditure (excl. export) | M8: Final expenditure (incl. export) | O8: Domestic production and direct emissions | P8: Imports of goods and services | R8: Household consumption incl. NPISH** | S8: General government consumption | T8: Gross fixed capital formation | U8: Changes in inventory | V8: Export | X8: Final domestic expenditure (excl. export) | Y8: Final expenditure (incl. export) | AA8: Domestic production and direct emissions | AB8: Imports of goods and services | AD8: Household consumption incl. NPISH** | AE8: General government consumption | AF8: Gross fixed capital formation | AG8: Changes in inventory | AH8: Export | AJ8: Final domestic expenditure (excl. export) | AK8: Final expenditure (incl. export)
B9: 2008 | C9: 100 | D9: 100 | F9: 100 | G9: 100 | H9: 100 | I9: .. | J9: 100 | L9: 100 | M9: 100 | O9: 100 | P9: 100 | R9: 100 | S9: 100 | T9: 100 | U9: 100 | V9: 100 | X9: 100 | Y9: 100 | AA9: 100 | AB9: 100 | AD9: 100 | AE9: 100 | AF9: 100 | AG9: .. | AH9: 100 | AJ9: 100 | AK9: 100
B10: 2009 | C10: =C$9*'1'!C9/'1'!C$8 -> 95.744386 | D10: =D$9*'1'!D9/'1'!D$8 -> 85.979611 | F10: =F$9*'1'!F9/'1'!F$8 -> 101.06202 | G10: =G$9*'1'!G9/'1'!G$8 -> 102.42283 | H10: =H$9*'1'!H9/'1'!H$8 -> 87.666562 | I10: .. | J10: =J$9*'1'!J9/'1'!J$8 -> 85.717031 | L10: =L$9*'1'!L9/'1'!L$8 -> 96.417979 | M10: =M$9*'1'!M9/'1'!M$8 -> 92.770407 | O10: =O$9*'2'!C9/'2'!C$8 -> 91.940047 | P10: =P$9*'2'!D9/'2'!D$8 -> 83.416048 | R10: =R$9*'2'!F9/'2'!F$8 -> 99.110417 | S10: =S$9*'2'!G9/'2'!G$8 -> 100.3735 | T10: =T$9*'2'!H9/'2'!H$8 -> 84.246087 | U10: =U$9*'2'!I9/'2'!I$8 -> -447.93514 | V10: =V$9*'2'!J9/'2'!J$8 -> 81.8124 | X10: =X$9*'2'!L9/'2'!L$8 -> 90.284847 | Y10: =Y$9*'2'!M9/'2'!M$8 -> 86.235099 | AA10: =AA$9*'4'!C9/'4'!C$8 -> 96.026567 | AB10: =AB$9*'4'!D9/'4'!D$8 -> 97.018405 | AD10: =AD$9*'4'!F9/'4'!F$8 -> 98.068908 | AE10: =AE$9*'4'!G9/'4'!G$8 -> 97.999148 | AF10: =AF$9*'4'!H9/'4'!H$8 -> 96.098313 | AG10: .. | AH10: =AH$9*'4'!J9/'4'!J$8 -> 95.444744 | AJ10: =AJ$9*'4'!L9/'4'!L$8 -> 93.639016 | AK10: =AK$9*'4'!M9/'4'!M$8 -> 92.955395
B11: 2010 | C11: =C$9*'1'!C10/'1'!C$8 -> 101.25042 | D11: =D$9*'1'!D10/'1'!D$8 -> 96.448819 | F11: =F$9*'1'!F10/'1'!F$8 -> 105.07912 | G11: =G$9*'1'!G10/'1'!G$8 -> 103.84595 | H11: =H$9*'1'!H10/'1'!H$8 -> 92.935341 | I11: .. | J11: =J$9*'1'!J10/'1'!J$8 -> 95.189259 | L11: =L$9*'1'!L10/'1'!L$8 -> 102.13577 | M11: =M$9*'1'!M10/'1'!M$8 -> 99.762429 | O11: =O$9*'2'!C10/'2'!C$8 -> 101.03797 | P11: =P$9*'2'!D10/'2'!D$8 -> 96.521428 | R11: =R$9*'2'!F10/'2'!F$8 -> 106.36736 | S11: =S$9*'2'!G10/'2'!G$8 -> 107.40816 | T11: =T$9*'2'!H10/'2'!H$8 -> 92.719041 | U11: =U$9*'2'!I10/'2'!I$8 -> 75.152917 | V11: =V$9*'2'!J10/'2'!J$8 -> 93.270523 | X11: =X$9*'2'!L10/'2'!L$8 -> 102.35965 | Y11: =Y$9*'2'!M10/'2'!M$8 -> 98.015134 | AA11: =AA$9*'4'!C10/'4'!C$8 -> 99.790169 | AB11: =AB$9*'4'!D10/'4'!D$8 -> 100.07528 | AD11: =AD$9*'4'!F10/'4'!F$8 -> 101.22597 | AE11: =AE$9*'4'!G10/'4'!G$8 -> 103.43028 | AF11: =AF$9*'4'!H10/'4'!H$8 -> 99.767258 | AG11: .. | AH11: =AH$9*'4'!J10/'4'!J$8 -> 97.984294 | AJ11: =AJ$9*'4'!L10/'4'!L$8 -> 100.2192 | AK11: =AK$9*'4'!M10/'4'!M$8 -> 98.248544
B12: 2011 | C12: =C$9*'1'!C11/'1'!C$8 -> 104.45387 | D12: =D$9*'1'!D11/'1'!D$8 -> 102.92023 | F12: =F$9*'1'!F11/'1'!F$8 -> 107.02626 | G12: =G$9*'1'!G11/'1'!G$8 -> 104.64381 | H12: =H$9*'1'!H11/'1'!H$8 -> 98.190556 | I12: .. | J12: =J$9*'1'!J11/'1'!J$8 -> 101.63947 | L12: =L$9*'1'!L11/'1'!L$8 -> 105.15813 | M12: =M$9*'1'!M11/'1'!M$8 -> 103.93335 | O12: =O$9*'2'!C11/'2'!C$8 -> 93.190394 | P12: =P$9*'2'!D11/'2'!D$8 -> 100.95791 | R12: =R$9*'2'!F11/'2'!F$8 -> 102.88451 | S12: =S$9*'2'!G11/'2'!G$8 -> 103.98142 | T12: =T$9*'2'!H11/'2'!H$8 -> 94.97402 | U12: =U$9*'2'!I11/'2'!I$8 -> 280.75305 | V12: =V$9*'2'!J11/'2'!J$8 -> 94.097646 | X12: =X$9*'2'!L11/'2'!L$8 -> 102.31856 | Y12: =Y$9*'2'!M11/'2'!M$8 -> 98.389044 | AA12: =AA$9*'4'!C11/'4'!C$8 -> 89.216796 | AB12: =AB$9*'4'!D11/'4'!D$8 -> 98.093359 | AD12: =AD$9*'4'!F11/'4'!F$8 -> 96.130157 | AE12: =AE$9*'4'!G11/'4'!G$8 -> 99.366998 | AF12: =AF$9*'4'!H11/'4'!H$8 -> 96.72419 | AG12: .. | AH12: =AH$9*'4'!J11/'4'!J$8 -> 92.579831 | AJ12: =AJ$9*'4'!L11/'4'!L$8 -> 97.299721 | AK12: =AK$9*'4'!M11/'4'!M$8 -> 94.665518
B13: 2012 | C13: =C$9*'1'!C12/'1'!C$8 -> 104.02101 | D13: =D$9*'1'!D12/'1'!D$8 -> 103.48741 | F13: =F$9*'1'!F12/'1'!F$8 -> 108.23553 | G13: =G$9*'1'!G12/'1'!G$8 -> 105.70182 | H13: =H$9*'1'!H12/'1'!H$8 -> 97.234742 | I13: .. | J13: =J$9*'1'!J12/'1'!J$8 -> 102.35917 | L13: =L$9*'1'!L12/'1'!L$8 -> 104.59672 | M13: =M$9*'1'!M12/'1'!M$8 -> 103.79431 | O13: =O$9*'2'!C12/'2'!C$8 -> 87.944961 | P13: =P$9*'2'!D12/'2'!D$8 -> 93.333136 | R13: =R$9*'2'!F12/'2'!F$8 -> 97.253391 | S13: =S$9*'2'!G12/'2'!G$8 -> 98.708465 | T13: =T$9*'2'!H12/'2'!H$8 -> 91.092847 | U13: =U$9*'2'!I12/'2'!I$8 -> -63.163192 | V13: =V$9*'2'!J12/'2'!J$8 -> 88.587579 | X13: =X$9*'2'!L12/'2'!L$8 -> 94.264839 | Y13: =Y$9*'2'!M12/'2'!M$8 -> 91.551163 | AA13: =AA$9*'4'!C12/'4'!C$8 -> 84.54538 | AB13: =AB$9*'4'!D12/'4'!D$8 -> 90.187917 | AD13: =AD$9*'4'!F12/'4'!F$8 -> 89.853478 | AE13: =AE$9*'4'!G12/'4'!G$8 -> 93.383883 | AF13: =AF$9*'4'!H12/'4'!H$8 -> 93.683435 | AG13: .. | AH13: =AH$9*'4'!J12/'4'!J$8 -> 86.545815 | AJ13: =AJ$9*'4'!L12/'4'!L$8 -> 90.122171 | AK13: =AK$9*'4'!M12/'4'!M$8 -> 88.204418
B14: 2013 | C14: =C$9*'1'!C13/'1'!C$8 -> 105.20443 | D14: =D$9*'1'!D13/'1'!D$8 -> 104.393 | F14: =F$9*'1'!F13/'1'!F$8 -> 110.21417 | G14: =G$9*'1'!G13/'1'!G$8 -> 107.62922 | H14: =H$9*'1'!H13/'1'!H$8 -> 97.201787 | I14: .. | J14: =J$9*'1'!J13/'1'!J$8 -> 102.22936 | L14: =L$9*'1'!L13/'1'!L$8 -> 106.29054 | M14: =M$9*'1'!M13/'1'!M$8 -> 104.89661 | O14: =O$9*'2'!C13/'2'!C$8 -> 85.585971 | P14: =P$9*'2'!D13/'2'!D$8 -> 88.780381 | R14: =R$9*'2'!F13/'2'!F$8 -> 97.036301 | S14: =S$9*'2'!G13/'2'!G$8 -> 97.407335 | T14: =T$9*'2'!H13/'2'!H$8 -> 89.474529 | U14: =U$9*'2'!I13/'2'!I$8 -> 5.5026403 | V14: =V$9*'2'!J13/'2'!J$8 -> 80.707774 | X14: =X$9*'2'!L13/'2'!L$8 -> 94.148435 | Y14: =Y$9*'2'!M13/'2'!M$8 -> 87.723928 | AA14: =AA$9*'4'!C13/'4'!C$8 -> 81.352063 | AB14: =AB$9*'4'!D13/'4'!D$8 -> 85.044377 | AD14: =AD$9*'4'!F13/'4'!F$8 -> 88.043397 | AE14: =AE$9*'4'!G13/'4'!G$8 -> 90.502686 | AF14: =AF$9*'4'!H13/'4'!H$8 -> 92.050292 | AG14: .. | AH14: =AH$9*'4'!J13/'4'!J$8 -> 78.947746 | AJ14: =AJ$9*'4'!L13/'4'!L$8 -> 88.576497 | AK14: =AK$9*'4'!M13/'4'!M$8 -> 83.628948
B15: 2014 | C15: =C$9*'1'!C14/'1'!C$8 -> 107.61968 | D15: =D$9*'1'!D14/'1'!D$8 -> 111.18137 | F15: =F$9*'1'!F14/'1'!F$8 -> 113.40335 | G15: =G$9*'1'!G14/'1'!G$8 -> 108.84687 | H15: =H$9*'1'!H14/'1'!H$8 -> 102.6252 | I15: .. | J15: =J$9*'1'!J14/'1'!J$8 -> 106.23534 | L15: =L$9*'1'!L14/'1'!L$8 -> 109.77314 | M15: =M$9*'1'!M14/'1'!M$8 -> 108.54077 | O15: =O$9*'2'!C14/'2'!C$8 -> 83.275507 | P15: =P$9*'2'!D14/'2'!D$8 -> 89.337717 | R15: =R$9*'2'!F14/'2'!F$8 -> 92.763337 | S15: =S$9*'2'!G14/'2'!G$8 -> 91.727276 | T15: =T$9*'2'!H14/'2'!H$8 -> 88.639066 | U15: =U$9*'2'!I14/'2'!I$8 -> 9.8965146 | V15: =V$9*'2'!J14/'2'!J$8 -> 83.568239 | X15: =X$9*'2'!L14/'2'!L$8 -> 90.779962 | Y15: =Y$9*'2'!M14/'2'!M$8 -> 87.332827 | AA15: =AA$9*'4'!C14/'4'!C$8 -> 77.379441 | AB15: =AB$9*'4'!D14/'4'!D$8 -> 80.353138 | AD15: =AD$9*'4'!F14/'4'!F$8 -> 81.799472 | AE15: =AE$9*'4'!G14/'4'!G$8 -> 84.271855 | AF15: =AF$9*'4'!H14/'4'!H$8 -> 86.371641 | AG15: .. | AH15: =AH$9*'4'!J14/'4'!J$8 -> 78.663312 | AJ15: =AJ$9*'4'!L14/'4'!L$8 -> 82.697794 | AK15: =AK$9*'4'!M14/'4'!M$8 -> 80.460849
B16: 2015 | C16: =C$9*'1'!C15/'1'!C$8 -> 112.3423 | D16: =D$9*'1'!D15/'1'!D$8 -> 117.62079 | F16: =F$9*'1'!F15/'1'!F$8 -> 118.1455 | G16: =G$9*'1'!G15/'1'!G$8 -> 111.24434 | H16: =H$9*'1'!H15/'1'!H$8 -> 109.72432 | I16: .. | J16: =J$9*'1'!J15/'1'!J$8 -> 111.64315 | L16: =L$9*'1'!L15/'1'!L$8 -> 114.88637 | M16: =M$9*'1'!M15/'1'!M$8 -> 113.7419 | O16: =O$9*'2'!C15/'2'!C$8 -> 84.242076 | P16: =P$9*'2'!D15/'2'!D$8 -> 83.03258 | R16: =R$9*'2'!F15/'2'!F$8 -> 89.215027 | S16: =S$9*'2'!G15/'2'!G$8 -> 92.966247 | T16: =T$9*'2'!H15/'2'!H$8 -> 86.105995 | U16: =U$9*'2'!I15/'2'!I$8 -> 161.16908 | V16: =V$9*'2'!J15/'2'!J$8 -> 76.986614 | X16: =X$9*'2'!L15/'2'!L$8 -> 89.334988 | Y16: =Y$9*'2'!M15/'2'!M$8 -> 83.432584 | AA16: =AA$9*'4'!C15/'4'!C$8 -> 74.986962 | AB16: =AB$9*'4'!D15/'4'!D$8 -> 70.593453 | AD16: =AD$9*'4'!F15/'4'!F$8 -> 75.512845 | AE16: =AE$9*'4'!G15/'4'!G$8 -> 83.569416 | AF16: =AF$9*'4'!H15/'4'!H$8 -> 78.474851 | AG16: .. | AH16: =AH$9*'4'!J15/'4'!J$8 -> 68.957758 | AJ16: =AJ$9*'4'!L15/'4'!L$8 -> 77.759434 | AK16: =AK$9*'4'!M15/'4'!M$8 -> 73.35255
B17: 2016 | C17: =C$9*'1'!C16/'1'!C$8 -> 114.73651 | D17: =D$9*'1'!D16/'1'!D$8 -> 124.24309 | F17: =F$9*'1'!F16/'1'!F$8 -> 120.69601 | G17: =G$9*'1'!G16/'1'!G$8 -> 115.37192 | H17: =H$9*'1'!H16/'1'!H$8 -> 115.14351 | I17: .. | J17: =J$9*'1'!J16/'1'!J$8 -> 115.06105 | L17: =L$9*'1'!L16/'1'!L$8 -> 118.5331 | M17: =M$9*'1'!M16/'1'!M$8 -> 117.31239 | O17: =O$9*'2'!C16/'2'!C$8 -> 85.609104 | P17: =P$9*'2'!D16/'2'!D$8 -> 82.734935 | R17: =R$9*'2'!F16/'2'!F$8 -> 90.055057 | S17: =S$9*'2'!G16/'2'!G$8 -> 95.821337 | T17: =T$9*'2'!H16/'2'!H$8 -> 90.279792 | U17: =U$9*'2'!I16/'2'!I$8 -> 138.72137 | V17: =V$9*'2'!J16/'2'!J$8 -> 75.581319 | X17: =X$9*'2'!L16/'2'!L$8 -> 91.106243 | Y17: =Y$9*'2'!M16/'2'!M$8 -> 83.685478 | AA17: =AA$9*'4'!C16/'4'!C$8 -> 74.613653 | AB17: =AB$9*'4'!D16/'4'!D$8 -> 66.591178 | AD17: =AD$9*'4'!F16/'4'!F$8 -> 74.613117 | AE17: =AE$9*'4'!G16/'4'!G$8 -> 83.054298 | AF17: =AF$9*'4'!H16/'4'!H$8 -> 78.406325 | AG17: .. | AH17: =AH$9*'4'!J16/'4'!J$8 -> 65.688013 | AJ17: =AJ$9*'4'!L16/'4'!L$8 -> 76.861435 | AK17: =AK$9*'4'!M16/'4'!M$8 -> 71.335585
B18: 2017 | C18: =C$9*'1'!C17/'1'!C$8 -> 116.8968 | D18: =D$9*'1'!D17/'1'!D$8 -> 129.70032 | F18: =F$9*'1'!F17/'1'!F$8 -> 123.71728 | G18: =G$9*'1'!G17/'1'!G$8 -> 115.61547 | H18: =H$9*'1'!H17/'1'!H$8 -> 119.8652 | I18: .. | J18: =J$9*'1'!J17/'1'!J$8 -> 118.85449 | L18: =L$9*'1'!L17/'1'!L$8 -> 121.26239 | M18: =M$9*'1'!M17/'1'!M$8 -> 120.37004 | O18: =O$9*'2'!C17/'2'!C$8 -> 83.60808 | P18: =P$9*'2'!D17/'2'!D$8 -> 83.847358 | R18: =R$9*'2'!F17/'2'!F$8 -> 88.79459 | S18: =S$9*'2'!G17/'2'!G$8 -> 90.092579 | T18: =T$9*'2'!H17/'2'!H$8 -> 89.916041 | U18: =U$9*'2'!I17/'2'!I$8 -> 119.73154 | V18: =V$9*'2'!J17/'2'!J$8 -> 77.501476 | X18: =X$9*'2'!L17/'2'!L$8 -> 89.50652 | Y18: =Y$9*'2'!M17/'2'!M$8 -> 83.768224 | AA18: =AA$9*'4'!C17/'4'!C$8 -> 71.522986 | AB18: =AB$9*'4'!D17/'4'!D$8 -> 64.646992 | AD18: =AD$9*'4'!F17/'4'!F$8 -> 71.772182 | AE18: =AE$9*'4'!G17/'4'!G$8 -> 77.924331 | AF18: =AF$9*'4'!H17/'4'!H$8 -> 75.014298 | AG18: .. | AH18: =AH$9*'4'!J17/'4'!J$8 -> 65.207026 | AJ18: =AJ$9*'4'!L17/'4'!L$8 -> 73.812266 | AK18: =AK$9*'4'!M17/'4'!M$8 -> 69.592257
B19: 2018 | C19: =C$9*'1'!C18/'1'!C$8 -> 118.96617 | D19: =D$9*'1'!D18/'1'!D$8 -> 135.1243 | F19: =F$9*'1'!F18/'1'!F$8 -> 126.05195 | G19: =G$9*'1'!G18/'1'!G$8 -> 116.46148 | H19: =H$9*'1'!H18/'1'!H$8 -> 121.39493 | I19: .. | J19: =J$9*'1'!J18/'1'!J$8 -> 124.03861 | L19: =L$9*'1'!L18/'1'!L$8 -> 123.25898 | M19: =M$9*'1'!M18/'1'!M$8 -> 123.36169 | O19: =O$9*'2'!C18/'2'!C$8 -> 82.182062 | P19: =P$9*'2'!D18/'2'!D$8 -> 86.81113 | R19: =R$9*'2'!F18/'2'!F$8 -> 87.887103 | S19: =S$9*'2'!G18/'2'!G$8 -> 89.064968 | T19: =T$9*'2'!H18/'2'!H$8 -> 91.049936 | U19: =U$9*'2'!I18/'2'!I$8 -> 151.7014 | V19: =V$9*'2'!J18/'2'!J$8 -> 80.728701 | X19: =X$9*'2'!L18/'2'!L$8 -> 89.447903 | Y19: =Y$9*'2'!M18/'2'!M$8 -> 85.280208 | AA19: =AA$9*'4'!C18/'4'!C$8 -> 69.080196 | AB19: =AB$9*'4'!D18/'4'!D$8 -> 64.245389 | AD19: =AD$9*'4'!F18/'4'!F$8 -> 69.722922 | AE19: =AE$9*'4'!G18/'4'!G$8 -> 76.475906 | AF19: =AF$9*'4'!H18/'4'!H$8 -> 75.003081 | AG19: .. | AH19: =AH$9*'4'!J18/'4'!J$8 -> 65.083524 | AJ19: =AJ$9*'4'!L18/'4'!L$8 -> 72.569077 | AK19: =AK$9*'4'!M18/'4'!M$8 -> 69.13022
B20: 2019 | C20: =C$9*'1'!C19/'1'!C$8 -> 122.06908 | D20: =D$9*'1'!D19/'1'!D$8 -> 137.80545 | F20: =F$9*'1'!F19/'1'!F$8 -> 127.04237 | G20: =G$9*'1'!G19/'1'!G$8 -> 116.46689 | H20: =H$9*'1'!H19/'1'!H$8 -> 121.50002 | I20: .. | J20: =J$9*'1'!J19/'1'!J$8 -> 132.66517 | L20: =L$9*'1'!L19/'1'!L$8 -> 123.62868 | M20: =M$9*'1'!M19/'1'!M$8 -> 126.3423 | O20: =O$9*'2'!C19/'2'!C$8 -> 80.296062 | P20: =P$9*'2'!D19/'2'!D$8 -> 81.201572 | R20: =R$9*'2'!F19/'2'!F$8 -> 82.569414 | S20: =S$9*'2'!G19/'2'!G$8 -> 84.208253 | T20: =T$9*'2'!H19/'2'!H$8 -> 84.448619 | U20: =U$9*'2'!I19/'2'!I$8 -> 201.54328 | V20: =V$9*'2'!J19/'2'!J$8 -> 77.196383 | X20: =X$9*'2'!L19/'2'!L$8 -> 84.295332 | Y20: =Y$9*'2'!M19/'2'!M$8 -> 80.902103 | AA20: =AA$9*'4'!C19/'4'!C$8 -> 65.779198 | AB20: =AB$9*'4'!D19/'4'!D$8 -> 58.924789 | AD20: =AD$9*'4'!F19/'4'!F$8 -> 64.993605 | AE20: =AE$9*'4'!G19/'4'!G$8 -> 72.30231 | AF20: =AF$9*'4'!H19/'4'!H$8 -> 69.505023 | AG20: .. | AH20: =AH$9*'4'!J19/'4'!J$8 -> 58.188885 | AJ20: =AJ$9*'4'!L19/'4'!L$8 -> 68.184287 | AK20: =AK$9*'4'!M19/'4'!M$8 -> 64.034057
B21: 2020 | C21: =C$9*'1'!C20/'1'!C$8 -> 119.70851 | D21: =D$9*'1'!D20/'1'!D$8 -> 129.12103 | F21: =F$9*'1'!F20/'1'!F$8 -> 123.23409 | G21: =G$9*'1'!G20/'1'!G$8 -> 114.6497 | H21: =H$9*'1'!H20/'1'!H$8 -> 123.56186 | I21: .. | J21: =J$9*'1'!J20/'1'!J$8 -> 125.46423 | L21: =L$9*'1'!L20/'1'!L$8 -> 120.91028 | M21: =M$9*'1'!M20/'1'!M$8 -> 122.20053 | O21: =O$9*'2'!C20/'2'!C$8 -> 72.081742 | P21: =P$9*'2'!D20/'2'!D$8 -> 70.940949 | R21: =R$9*'2'!F20/'2'!F$8 -> 75.864148 | S21: =S$9*'2'!G20/'2'!G$8 -> 82.364519 | T21: =T$9*'2'!H20/'2'!H$8 -> 78.705906 | U21: =U$9*'2'!I20/'2'!I$8 -> -18.551978 | V21: =V$9*'2'!J20/'2'!J$8 -> 65.686241 | X21: =X$9*'2'!L20/'2'!L$8 -> 76.475296 | Y21: =Y$9*'2'!M20/'2'!M$8 -> 71.318231 | AA21: =AA$9*'4'!C20/'4'!C$8 -> 60.214383 | AB21: =AB$9*'4'!D20/'4'!D$8 -> 54.941435 | AD21: =AD$9*'4'!F20/'4'!F$8 -> 61.561006 | AE21: =AE$9*'4'!G20/'4'!G$8 -> 71.840151 | AF21: =AF$9*'4'!H20/'4'!H$8 -> 63.697574 | AG21: .. | AH21: =AH$9*'4'!J20/'4'!J$8 -> 52.354555 | AJ21: =AJ$9*'4'!L20/'4'!L$8 -> 63.249626 | AK21: =AK$9*'4'!M20/'4'!M$8 -> 58.36164
... B25: 2024 | C25: =C$9*'1'!C24/'1'!C$8 -> 129.81865 | D25: =D$9*'1'!D24/'1'!D$8 -> 161.9622 | F25: =F$9*'1'!F24/'1'!F$8 -> 133.48388 | G25: =G$9*'1'!G24/'1'!G$8 -> 121.85407 | H25: =H$9*'1'!H24/'1'!H$8 -> 131.61257 | I25: .. | J25: =J$9*'1'!J24/'1'!J$8 -> 156.71752 | L25: =L$9*'1'!L24/'1'!L$8 -> 130.24047 | M25: =M$9*'1'!M24/'1'!M$8 -> 138.45442 | O25: =O$9*'2'!C24/'2'!C$8 -> 77.296257 | P25: =P$9*'2'!D24/'2'!D$8 -> 73.545751 | R25: =R$9*'2'!F24/'2'!F$8 -> 74.758363 | S25: =S$9*'2'!G24/'2'!G$8 -> 70.459347 | T25: =T$9*'2'!H24/'2'!H$8 -> 76.16334 | U25: =U$9*'2'!I24/'2'!I$8 -> 34.906139 | V25: =V$9*'2'!J24/'2'!J$8 -> 75.223453 | X25: =X$9*'2'!L24/'2'!L$8 -> 74.385658 | Y25: =Y$9*'2'!M24/'2'!M$8 -> 74.786116 | AA25: =AA$9*'4'!C24/'4'!C$8 -> 59.541722 | AB25: =AB$9*'4'!D24/'4'!D$8 -> 45.409206 | AD25: =AD$9*'4'!F24/'4'!F$8 -> 56.005538 | AE25: =AE$9*'4'!G24/'4'!G$8 -> 57.822728 | AF25: =AF$9*'4'!H24/'4'!H$8 -> 57.869349 | AG25: .. | AH25: =AH$9*'4'!J24/'4'!J$8 -> 47.99939 | AJ25: =AJ$9*'4'!L24/'4'!L$8 -> 57.114088 | AK25: =AK$9*'4'!M24/'4'!M$8 -> 54.014973
B27: *HIO - hushållens icke-vinstdrivande organisationer
B28: ** NPISH - Non-profit institutions serving households
B30: *** inklusive lagerinvesteringar och investeringar i värdeföremål
B31: **** including inventory changes and net acquisitions of valuables
B38: Senaste uppdatering: | F38: Latest update:
B39: 46310 | F39: 46310
B41: Källa: | F41: Source:
B42: Miljöräkenskaperna, Statistiska centralbyrån (SCB) | F42: Environmental Accounts, Statistics Sweden
B44: Kontaktperson: | F44: Contact:
B45: Nils Brown, Statistiska centralbyrån (SCB) | F45: Nils Brown, Statistics Sweden
B46: Telefon: 010 479 40 26 | F46: Phone: +46 10 479 40 26
B47: e-post: nils.brown@scb.se | F47: e-mail: nils.brown@scb.se
B48: e-post: miljorakenskaper@scb.se | F48: e-mail: miljorakenskaper@scb.se
B50: Johanna Takman, Statistiska centralbyrån (SCB) | F50: Johanna Takman, Statistiska centralbyrån (SCB)
B51: Telefon: 010 479 41 14 | F51: Phone: +46 10 479 41 14
B52: e-post: johanna.takman@scb.se | F52: e-mail: johanna.takman@scb.se
B53: e-post: miljorakenskaper@scb.se | F53: e-mail: miljorakenskaper@scb.se
B55: Andreas Poldahl, Statistiska centralbyrån (SCB) | F55: Andreas Poldahl, Statistiska centralbyrån (SCB)
... B58: e-post: miljorakenskaper@scb.se | F58: e-post: miljorakenskaper@scb.se
